 Dungeon Crawl Stone Soup version 0.31-a0-704-g1016066182 (webtiles) character file.

Game seed: 16009691969280054122

264 Ordine the Ruffian (level 6, 0/41 HPs)
             Began as an Octopode Shapeshifter on Sept 9, 2023.
             Splashed by a jelly's acid (8 damage)
             ... on level 4 of the Dungeon.
             The game lasted 00:04:44 (2258 turns).

Ordine the Ruffian (Octopode Shapeshifter)          Turns: 2258, Time: 00:04:44

Health: 0/41       AC:  1    Str: 21    XL:     6   Next: 19%
Magic:  6/6        EV: 13    Int: 12    God:
Gold:   69         SH:  0    Dex: 12    Spells: 5/5 levels left

rFire   . .          .
                       - Unarmed
rCold   . . .        (no shield)
rNeg    . . .        (helmet currently unavailable)
rPois   .            (no amulet)
rElec   .            d - +4 ring of protection
rCorr   .            n - +6 ring of strength
SInv    .            (no ring)
Will    .....        (no ring)
Stlth   +++          (no ring)
HPRegen 0.26/turn    (no ring)
MPRegen 0.10/turn    (no ring)
                     (no ring)

%: no passive effects
@: beast-form, corroded
A: beast (slay +2), almost no armour, amphibious, 8 rings, camouflage 1,
gelatinous body 1, (nimble swimmer 1), tentacles
a: Begin Untransformation


You were on level 4 of the Dungeon.
You were a hulking beast.
You visited 1 branch of the dungeon, and saw 4 of its levels.

You collected 209 gold pieces.
You spent 140 gold pieces at shops.

Inventory:

Jewellery
 d - a +4 ring of protection (left tentacle)
 e - an amulet of magic regeneration
 n - a +6 ring of strength (right tentacle)
Talismans
 b - a beast talisman (active)
 c - a flux talisman
Scrolls
 f - 2 scrolls of vulnerability
 g - 3 scrolls of teleportation
 h - a scroll of fear
 k - a scroll of enchant armour
 m - a scroll of revelation
 o - a scroll of silence {unknown}
 q - a scroll of poison
 r - a scroll of identify
 s - a scroll of amnesia {unknown}
Potions
 a - 2 potions of lignification
 i - a potion of brilliance
 j - a potion of resistance {unknown}
 l - a potion of might {unknown}
 p - a potion of curing {unknown}


   Skills:
 + Level 2.4 Fighting
 + Level 3.1 Dodging
 + Level 3.1 Stealth
 * Level 4.5 Unarmed Combat
 + Level 3.7 Shapeshifting


You had 5 spell levels left.
You didn't know any spells.
Your spell library contained the following spells:

 Spells                   Type           Power      Damage    Failure   Level
 Apportation              Tloc           0%         N/A       32%         1
 Foxfire                  Conj/Fire      0%         2x1d4     32%         1
 Kiss of Death            Conj/Necr      0%         2d5       32%         1
 Magic Dart               Conj           0%         1d3       32%         1
 Slow                     Hex            0%         N/A       32%         1
 Blink                    Tloc           0%         N/A       45%         2
 Call Imp                 Summ           0%         N/A       45%         2
 Momentum Strike          Conj/Tloc      0%         3d8       45%         2
 Dazzling Flash           Conj/Hex       0%         N/A       69%         3
 Mephitic Cloud           Conj/Pois/Air  0%         N/A       69%         3
 Agony                    Necr           0%         N/A       100%        5
 Silence                  Hex/Air        0%         N/A       100%        5


Dungeon Overview and Level Annotations

Branches:
Dungeon (4/15)
 Temple: D:4-7

Altars:
Makhleb
Yredelemnul

Shops:
D:1 ?   D:2 (


Innate Abilities, Weirdness & Mutations

You are a hulking beast.
Your limbs bulge with bestial killing power. (Slay +2)
You cannot wear most types of armour.
You are amphibious.
You can wear up to eight rings at the same time.
Your skin changes colour to match your surroundings (Stealth+).
Your rubbery body absorbs attacks. (AC +1, EV +1)
((You are camouflaged when in or above water. (Stealth+)))
You have tentacles for arms and can constrict up to eight enemies at once.


Message History

You tentacle-slap the hobgoblin. You grab the hobgoblin.
The hobgoblin is moderately wounded.
You constrict the hobgoblin. The hobgoblin closely misses you.
You bludgeon the hobgoblin!
You kill the hobgoblin!
A nearby plant withers and dies.
The jelly hits the plant.
The plant begins to die.
The plant is splashed with acid.
An iguana comes into view.
The iguana hisses angrily.
You tentacle-slap the iguana but do no damage.
Your grab misses the iguana.
You tentacle-slap the iguana, but do no damage.
Your squeeze misses the iguana. The iguana closely misses you.
You tentacle-slap the iguana. You grab the iguana.
The iguana is moderately wounded.
You constrict the iguana. The iguana bites you.
You tentacle-slap the iguana but do no damage.
The iguana is heavily wounded.
You constrict the iguana.
A nearby plant withers and dies.
The iguana bites you.
You tentacle-slap the iguana. You squeeze the iguana.
The iguana is severely wounded.
You constrict the iguana. The iguana closely misses you.
You tentacle-slap the iguana but do no damage.
You squeeze the iguana.
You kill the iguana!
The jelly barely misses you. The iguana completely misses you.
You tentacle-slap the iguana. Your grab misses the iguana.
The iguana is lightly wounded.
The jelly hits you. The acid corrodes you!
You are splashed with acid!
The iguana bites you.
* * * LOW HITPOINT WARNING * * *
You are too injured to fight recklessly!
You are too injured to fight recklessly!
You barely miss the jelly. You squeeze the jelly.
The jelly is lightly wounded.
The jelly hits you.
* * * LOW HITPOINT WARNING * * *
You are splashed with acid!
You die...

##....# . #....#
. #....# .
###....##
#.......# #
#.......#.##. #
#............
....#......PP....
#...†h.)....P..
......l.J).P.PPP.
..........PP..P..
............PP.P.
..........P......
.............PP..
..!..............
.....#######.....


You could see an iguana and a jelly.

Vanquished Creatures
  A scorpion (D:3)
  A hound (D:4)
  An iguana (D:4)
  3 gnolls (D:4)
  2 adders (D:3)
  6 worms
  2 dart slugs
  7 orcs
  4 ball pythons
  8 bats
  6 endoplasms
  3 giant cockroaches
  5 goblins
  8 hobgoblins
  3 quokkas
  4 frilled lizards
  6 kobolds
  5 rats
75 creatures vanquished.

Notes
Turn   | Place    | Note
-------+----------+-------------------------------------------
     0 | D:1      | Ordine the Octopode Shapeshifter began the quest for the
                  | Orb.
     0 | D:1      | Reached XP level 1. HP: 13/13 MP: 1/1
    45 | D:1      | Reached XP level 2. HP: 17/18 MP: 2/2
   118 | D:1      | Reached skill level 1 in Stealth
   257 | D:1      | Got Willworking for Novices
   263 | D:1      | Found Zyphoir's Magic Scroll Shop.
   268 | D:1      | Reached XP level 3. HP: 23/23 MP: 3/3
   302 | D:1      | Bought a scroll of identify for 28 gold pieces
   498 | D:2      | Got Rumiankeu's Encyclopedia of Warped Zombies
   617 | D:2      | Found a faded altar of an unknown god.
   947 | D:2      | Found a transporter.
   949 | D:2      | Found Agek's Weapon Shoppe.
   951 | D:2      | Found a transporter.
  1071 | D:3      | Found a burning altar of Makhleb.
  1077 | D:3      | Noticed a scorpion
  1090 | D:3      | Killed a scorpion
  1091 | D:3      | Reached skill level 4 in Unarmed Combat
  1091 | D:3      | Reached XP level 4. HP: 20/29 MP: 4/4
  1091 | D:3      | Reached XP level 5. HP: 24/34 MP: 5/5
  1751 | D:3      | Found a basalt altar of Yredelemnul.
  1932 | D:1      | Bought a scroll of identify for 28 gold pieces
  1932 | D:1      | Bought a scroll of identify for 28 gold pieces
  1932 | D:1      | Bought a scroll of poison for 56 gold pieces
  2246 | D:4      | Reached XP level 6. HP: 31/39 MP: 6/6
  2258 | D:4      | Splashed by a jelly's acid

Illustrated notes

Levels and vault maps discovered:
D:1:      dpeg_arrival_simpleton_a, layout_rooms, serial_shops, shop,
          minmay_misc_feat_iff
D:2:      layout_rooms, serial_shops, nicolae_shop_drivethru,
          shapermc_ecumenical_altar_petra
D:3:      layout_basic, lemuel_coloured_pillars_altar,
          mainiacjoe_overflow_cross_hatched, chequers_big_river
D:4:      layout_basic, tgw_kikubaaqudgha, zin_academy, serial_shops, shop,
          nicolae_grassy_gnolls

Skill      XL: |  1  2  3  4  5 |
---------------+----------------+-----
Stealth        | 1 2 3 |  3.1
Unarmed Combat | 4 |  4.5
Fighting       | 2 |  2.4
Dodging        | 3 |  3.1
Shapeshifting  | |  3.7

Action                     |  1- 3 |  4- 6 || total
---------------------------+-------+-------++-------
  Melee: Unarmed           |    89 |    65 ||   154
         Constrict         |    24 |    20 ||    44
         Tentacles         |    14 |    13 ||    27
         Punch             |     2 |     1 ||     3
    Use: Scroll            |     4 |     3 ||     7
   Stab: Sleeping          |    12 |     4 ||    16
         Distracted        |       |     1 ||     1
 Armour: Skin              |    24 |    25 ||    49
  Dodge: Dodged            |    46 |    30 ||    76

Table legend: (Time is in decaauts)
 A = Elapsed time spent in this place.
 B = Non-inter-level travel time spent in this place.
 C = Inter-level travel time spent in this place.
 D = Time resting spent in this place.
 E = Time spent auto-exploring this place.
 F = Levels seen in this place.
 G = Mean time per level.
                   A        B        C        D        E       F      G
               +--------+--------+--------+--------+--------+-----+--------+
         Total |   2249 |   1955 |    294 |      0 |   1486 |   4 |  562.2 |
       Dungeon |   2249 |   1955 |    294 |      0 |   1486 |   4 |  562.2 |
               +--------+--------+--------+--------+--------+-----+--------+

Top non-repeatable levels by time:
     D:3: 910 daAuts
     D:2: 584 daAuts
     D:1: 573 daAuts
     D:4: 180 daAuts
